AoeStats
← Two_Smoothie_Machines

Arabia

510171373Analyzed
2v2 RM · 1d ago on Sep 29, 2026· 39m 42s· 4 players
Game mode
Random Map
Map size
Medium (4 player)
Population
200
Speed
Normal
Resources
Standard
Victory
Conquest
Starting age
Dark Age
Ending age
Imperial Age
RankedLock teamsTeams togetherTeam positionsShared explorationLock speedFull tech treeHidden civsTurbo modeCheats
Victory
Defeat
🇫🇷 Turks · France
1116
+13
🇩🇪 Franks · Germany
1016
+17
🇫🇷 Franks · France
1071
-16
🇫🇷 Saxons · France
1027
-14
BEN ABITBOL
6:46 Loom
9:50 Feudal Age
11:30 Man-at-Arms
13:18 Wheelbarrow
12:50 Arson
22:30 Castle Age
21:52 Stone Mining
21:59 Double-Bit Axe
23:34 Bow Saw
23:08 Horse Collar
23:51 Squires
23:39 Gambesons
23:59 Pikeman
27:16 Forging
27:07 Scale Mail Armor
36:48 Fletching
36:58 Padded Archer Armor
Two_Smoothie_Machines
7:04 Loom
9:38 Feudal Age
10:06 Double-Bit Axe
10:41 Town Watch
22:30 Castle Age
20:26 Gold Mining
22:10 Scale Barding Armor
22:56 Pikeman
24:48 Wheelbarrow
24:50 Bow Saw
27:40 Forging
31:06 Scale Mail Armor
31:48 Husbandry
36:40 Padded Archer Armor
37:56 Elite Skirmisher
malzeit
2:48 Loom
10:14 Feudal Age
11:19 Double-Bit Axe
17:26 Gold Mining
18:50 Scale Barding Armor
23:40 Castle Age
23:02 Fletching
23:13 Padded Archer Armor
23:30 Stone Mining
25:12 Bow Saw
24:30 Light Cavalry
25:11 Husbandry
26:36 Wheelbarrow
26:56 Bodkin Arrow
28:00 Ordonnance Companies
29:28 Forging
31:25 Hand Cart
37:03 Gold Shaft Mining
38:01 Leather Archer Armor
42:33 Imperial Age
Nostradamos7031
5:53 Loom
11:42 Feudal Age
12:21 Double-Bit Axe
12:32 Horse Collar
15:38 Town Watch
20:41 Castle Age
19:14 Forging
19:44 Bloodlines
20:04 Scale Barding Armor
21:56 Chain Barding Armor
21:51 Bow Saw
23:09 Heavy Plow
26:58 Stone Mining
27:16 Fletching
28:10 Husbandry
28:50 Bodkin Arrow
30:59 Ballistics
34:08 Wheelbarrow
37:51 Imperial Age
36:00 Sipahi
35:56 Thumb Ring
36:08 Padded Archer Armor
37:03 Iron Casting
38:35 Bracer
37:58 Heavy Cavalry Archer
39:04 Parthian Tactics
40:30 Plate Barding Armor
41:22 Blast Furnace
Connection lost

Rejoining the realm…

Still unreachable

The connection could not be restored.

Session expired

The server has moved on; the page needs a fresh start.